 Dungeon Crawl Stone Soup version 0.27-a0-819-g058290f16d (webtiles) character file.

Game seed: 10228408175435973760

382 tilp the Skirmisher (level 6, -6/64 HPs)
             Began as an Ogre Warper on Mar 29, 2021.
             Was a Follower of Hepliaklqana.
             Mangled by an ice beast (13 damage)
             ... on level 5 of the Dungeon.
             The game lasted 00:11:14 (6141 turns).

tilp the Skirmisher (Ogre Warper)                   Turns: 6141, Time: 00:11:15

Health: -6/64      AC:  4    Str: 16    XL:     6   Next: 76%
Magic:  9/9        EV: 10    Int: 16    God:    Hepliaklqana [*.....]
Gold:   124        SH:  0    Dex: 14    Spells: 7/9 levels left

rFire    . . .     SeeInvis .   a - +0 morningstar
rCold    . . .     Faith    .   (no shield)
rNeg     . . .     Spirit   .   j - +0 robe
rPois    .         Reflect  .   (helmet restricted)
rElec    .         Harm     .   h - +0 cloak
rCorr    .         Rampage  .   (gloves unavailable)
Will     .....                  (boots unavailable)
Stlth    +.........             (no amulet)
HPRegen  0.20/turn              l - +6 ring of dexterity
MPRegen  0.11/turn              (no ring)

@: mighty
A: reduced essence, large, unfitting armour, tough skin 1
a: Renounce Religion, Recall Ancestor, Ancestor Identity


You were on level 5 of the Dungeon.
You worshipped Hepliaklqana.
Hepliaklqana was aware of your devotion.
You visited 1 branch of the dungeon, and saw 5 of its levels.

You collected 124 gold pieces.

Inventory:

Hand Weapons
 a - a +0 morningstar (weapon)
 b - a +1 dagger of venom
 t - a +0 mace
Missiles
 e - 3 boomerangs of dispersal {!f}
 g - 98 stones (quivered)
 u - 16 poisoned darts
Armour
 h - a +0 cloak (worn)
 j - a +0 robe (worn)
Magical Staves
 p - a staff of conjuration
 s - a staff of earth
Jewellery
 l - a +6 ring of dexterity (left hand)
 v - an amulet of the acrobat
Scrolls
 c - a scroll of teleportation {unknown}
 d - 4 scrolls of blinking
 i - 3 scrolls of magic mapping
 m - 2 scrolls of silence {unknown}
 n - a scroll of holy word {unknown}
Potions
 f - 2 potions of flight
 k - a potion of magic
 o - a potion of might
 q - a potion of attraction
 r - 2 potions of mutation


   Skills:
 + Level 7.7 Fighting
 + Level 3.8 Maces & Flails
 - Level 1.0 Throwing
 - Level 2.1 Dodging
 - Level 2.4 Spellcasting
 - Level 2.6 Translocations


You had 7 spell levels left.
You knew the following spells:

 Your Spells              Type           Power      Damage    Failure   Level
a - Blink                 Tloc           N/A        N/A       10%         2

Your spell library contained the following spells:

 Spells                   Type           Power      Damage    Failure   Level
 Apportation              Tloc           20%        N/A       7%          1
 Animate Skeleton         Necr           2%         N/A       21%         1
 Corona                   Hex            1%         N/A       21%         1
 Summon Small Mammal      Summ           4%         N/A       21%         1
 Gell's Gravitas          Tloc           5%         N/A       21%         3
 Lesser Beckoning         Tloc           5%         N/A       21%         3
 Teleport Other           Tloc           10%        N/A       21%         3
 Manifold Assault         Tloc           10%        N/A       88%         5


Dungeon Overview and Level Annotations

Branches:
Dungeon (5/15)
 Temple: D:4-7

Altars:
Fedhas
Hepliaklqana
Qazlal
Ru
Uskayaw
Zin

Annotations:
D:3 Pikel
D:4 exclusion: endoplasm, Sigmund


Innate Abilities, Weirdness & Mutations

Your life essence is reduced to manifest your ancestor. (-10% HP)
You are too large for most types of armour.
You have tough skin. (AC +1)


Message History

The adder closely misses Keminub.
The centaur shoots an arrow.
The arrow hits you!
Keminub completely misses the adder.
The adder bites Keminub but does no damage.
The adder closely misses Keminub.
Keminub hits the adder!
You swap places.
The centaur unwields a +0 shortbow.
The centaur hits you.
The centaur kicks you but does no damage.
The adder bites you.
You puncture the centaur!
The centaur is heavily wounded.
The centaur hits you. The centaur kicks you. The adder closely misses you.
The centaur hits you.
The centaur kicks you but does no damage.
Keminub hits the adder.
The adder bites you.
You sock the centaur!
The centaur is almost dead.
The centaur hits you but does no damage.
The centaur kicks you. The adder bites you. The centaur closely misses you.
The centaur kicks you but does no damage.
Keminub barely misses the adder.
The adder bites you but does no damage. The centaur hits you.
* * * LOW HITPOINT WARNING * * *
The centaur kicks you.
* * * LOW HITPOINT WARNING * * *
You sock the centaur!
You kill the centaur!
Keminub misses the adder.
The adder barely misses you.
Keminub barely misses the adder.
The ice beast hits you.
* * * LOW HITPOINT WARNING * * *
The ice beast freezes you!
* * * LOW HITPOINT WARNING * * *
You puncture the adder!
You kill the adder!
The ice beast barely misses you.
Unknown command.
You hit the ice beast but do no damage.
Keminub hits the ice beast but does no damage.
The ice beast hits you.
* * * LOW HITPOINT WARNING * * *
The ice beast freezes you!
You die...

##...#######......# #..
#....#.....#......###
#.#
#................##..
...
#.....<....h((.......
.# #...
#................ ##...
#.....##.........
#....##.....##.........
#....<......##.Y..##...
##.....>....##@R..# ...
#...#.......#....#
#####......##<...#
#.#######.....# ###
......... ##....#..$
######... ..


You could see the friendly Keminub the ancestor and an ice beast (ally target).

Vanquished Creatures
  A centaur (D:5)
  2 lemures (D:4)
  2 jellies (D:4)
  An orc priest (D:4)
  9 adders
  An adder zombie (D:3)
  A dart slug (D:2)
  4 orcs
  10 ball pythons
  4 bats
  7 endoplasms
  5 giant cockroaches
  3 hobgoblins
  4 jackals
  7 kobolds
  5 quokkas
  3 frilled lizards
  9 goblins
  6 rats
84 creatures vanquished.

Vanquished Creatures (collateral kills)
  A lemure (D:4)
  An orc wizard (D:4)
  A jackal (D:3)
  2 ball pythons (D:4)
  A bat (D:3)
  A kobold (D:3)
7 creatures vanquished.

Vanquished Creatures (others)
  2 ancestors
2 creatures vanquished.

Grand Total: 93 creatures vanquished

Notes
Turn   | Place    | Note
-------+----------+-------------------------------------------
     0 | D:1      | tilp the Ogre Warper began the quest for the Orb.
     0 | D:1      | Reached XP level 1. HP: 22/22 MP: 3/3
    35 | D:1      | Reached skill level 3 in Fighting
   119 | D:1      | Reached XP level 2. HP: 21/32 MP: 5/5
   129 | D:1      | Learned a level 2 spell: Blink
   312 | D:1      | Reached skill level 4 in Fighting
   829 | D:1      | Reached XP level 3. HP: 36/40 MP: 6/6
  1487 | D:2      | Reached skill level 5 in Fighting
  1932 | D:2      | Reached XP level 4. HP: 50/50 MP: 7/7
  2168 | D:2      | Reached skill level 6 in Fighting
  2300 | D:2      | Found a blossoming altar of Fedhas.
  2424 | D:2      | Reached XP level 5. HP: 61/61 MP: 8/8
  3108 | D:3      | Found a hazy altar of Hepliaklqana.
  3111 | D:3      | Found a hide-covered altar of Uskayaw.
  3114 | D:3      | Found a stormy altar of Qazlal.
  3117 | D:3      | Found a glowing silver altar of Zin.
  3123 | D:3      | Became a worshipper of Hepliaklqana the Forgotten
  3489 | D:3      | Reached * piety under Hepliaklqana
  3943 | D:4      | Found a sacrificial altar of Ru.
  3944 | D:4      | Noticed a lemure
  3944 | D:4      | Noticed a lemure
  4454 | D:4      | Noticed Pikel
  4454 | D:4      | Noticed a lemure
  4454 | D:4      | Noticed a lemure
  4759 | D:4      | Reached skill level 7 in Fighting
  4759 | D:4      | Reached XP level 6. HP: 62/63 MP: 9/9
  5175 | D:4      | Noticed Sigmund
  5860 | D:5      | Entered Level 5 of the Dungeon
  5905 | D:5      | Noticed an ice beast
  6141 | D:5      | Mangled by an ice beast

Illustrated notes

Levels and vault maps discovered:
D:1:      amcnicky_arrival_single_pillar, layout_basic, serial_forest,
          infiniplex_forest_join, infiniplex_forest_clump_curved,
          infiniplex_forest_clump_medium, infiniplex_forest_join,
          infiniplex_forest_corner_2, infiniplex_forest_clump_cross,
          infiniplex_forest_zigzag_1
D:2:      minmay_recursive_quarters, layout_loops_ring, general_overflow_altar,
          kennysheep_generic_room_14
D:3:      layout_basic, grunt_temple_overflow_cloverleaf
D:4:      layout_basic, lemuel_crystal_altar, chequers_jeans, uniq_pikel,
          uniq_sigmund
D:5:      minmay_diamond_boxcup, layout_gridville, st_stairs_6,
          minmay_fractal_squares_5, uniq_prince_ribbit1, uniq_crazy_yiuf_cottage

Skill      XL: |  1  2  3  4  5 |
---------------+----------------+-----
Fighting       | 3 4 5 6 7 |  7.7
Maces & Flails | 2 3 |  3.8
Throwing       | |  1.0
Dodging        | |  2.1
Spellcasting   | |  2.4
Translocations | |  2.6

Action                   |  1- 3 |  4- 6 || total
-------------------------+-------+-------++-------
Melee: Mace              |   112 |    50 ||   162
       Dagger            |       |    47 ||    47
       Morningstar       |       |    66 ||    66
Throw: Stone             |    19 |    18 ||    37
       Boomerang         |     2 |       ||     2
 Cast: Blink             |     1 |     2 ||     3
Invok: Ancestor Identity |       |     2 ||     2
       Recall Ancestor   |       |     1 ||     1
  Use: Scroll            |     1 |     6 ||     7
       Potion            |     1 |     1 ||     2
 Stab: Sleeping          |     1 |     1 ||     2
       Distracted        |       |     1 ||     1
Armor: Robe              |    58 |    50 ||   108
       Skin              |     1 |       ||     1
Dodge: Dodged            |    70 |    95 ||   165

Table legend: (Time is in decaauts)
 A = Elapsed time spent in this place.
 B = Non-inter-level travel time spent in this place.
 C = Inter-level travel time spent in this place.
 D = Time resting spent in this place.
 E = Time spent auto-exploring this place.
 F = Levels seen in this place.
 G = Mean time per level.
                   A        B        C        D        E       F      G
               +--------+--------+--------+--------+--------+-----+--------+
         Total |   6212 |   5855 |    357 |   1323 |   3580 |   5 | 1242.4 |
       Dungeon |   6212 |   5855 |    357 |   1323 |   3580 |   5 | 1242.4 |
               +--------+--------+--------+--------+--------+-----+--------+

Top non-repeatable levels by time:
     D:2: 1901 daAuts
     D:4: 1782 daAuts
     D:1: 1338 daAuts
     D:3: 1111 daAuts
     D:5: 79 daAuts
